 Dungeon Crawl Stone Soup version 0.28.0-1-gb440e238dd (webtiles) character file.

Game seed: 13633121592573001395

128 issech the Cudgeller (level 4, 0/44 HPs)
             Began as a Troll Monk on Feb 23, 2022.
             Killed from afar by Ijyb (8 damage)
             ... with a puff of flame
             ... on level 4 of the Dungeon.
             The game lasted 00:07:46 (2535 turns).

issech the Cudgeller (Troll Monk)                   Turns: 2535, Time: 00:07:46

Health: 0/44       AC:  4    Str: 19    XL:     4   Next: 87%
Magic:  3/3        EV: 10    Int:  6    God:
Gold:   107        SH:  0    Dex: 14    Spells: 3/3 levels left

rFire   . . .      SeeInvis .   o - +3 mace
rCold   . . .      Faith    .   (no shield)
rNeg    . . .      Spirit   .   b - +0 robe
rPois   .          Reflect  .   (helmet restricted)
rElec   .          Harm     .   (no cloak)
rCorr   .          Rampage  .   (gloves unavailable)
Will    .....                   (boots unavailable)
Stlth   ++........              (no amulet)
HPRegen 0.94/turn               k - ring of flight
MPRegen 0.08/turn               (no ring)

@: flying
A: large, unfitting armour, claws 3, regeneration 1, shaggy fur 1, tough skin 1
a: no special abilities


You were on level 4 of the Dungeon.
You visited 1 branch of the dungeon, and saw 4 of its levels.

You collected 107 gold pieces.

Inventory:

Hand Weapons
 a - a +0 mace
 m - a +0 club
 n - a +0 morningstar of holy wrath
 o - a +3 mace (weapon)
 p - a +0 hunting sling
Missiles
 g - 6 javelins (quivered)
 i - 20 stones
 l - 9 arrows
 r - 23 sling bullets
Armour
 b - a +0 robe (worn)
Jewellery
 k - a ring of flight (left claw)
Scrolls
 c - 3 scrolls of magic mapping {unknown}
 e - a scroll of immolation {unknown}
 f - a scroll of identify {unknown}
 h - a scroll of teleportation {unknown}
 q - a scroll of vulnerability {unknown}
Potions
 d - 3 potions of curing {unknown}
 j - a potion of might {unknown}
 s - a potion of brilliance {unknown}


   Skills:
 + Level 2.8 Fighting
 + Level 4.1 Maces & Flails
 + Level 3.1 Dodging
 + Level 1.2 Stealth


You had 3 spell levels left.
You didn't know any spells.
Your spell library contained the following spells:

 Spells                   Type           Power      Damage    Failure   Level
 Beastly Appendage        Tmut           0%         N/A       45%         1
 Magic Dart               Conj           0%         1d3       45%         1
 Searing Ray              Conj           0%         2d4       58%         2
 Wereblood                Tmut           0%         N/A       58%         2
 Spider Form              Tmut/Pois      0%         N/A       83%         3
 Fulminant Prism          Conj/Hex       0%         3d6       99%         4
 Petrify                  Tmut/Erth      0%         N/A       99%         4
 Metabolic Englaciation   Hex/Ice        0%         N/A       100%        5
 Statue Form              Tmut/Erth      0%         N/A       100%        6


Dungeon Overview and Level Annotations

Branches:
Dungeon (4/15)
 Temple: D:4-7

Altars:
Fedhas

Annotations:
D:4 Ijyb


Innate Abilities, Weirdness & Mutations

You are too large for most types of armour.
You have claws for hands.
Your natural rate of healing is unusually fast.
You are covered in fur. (AC +1)
You have tough skin. (AC +1)


Message History

You feel sick.
You feel sick.
You feel sick.
You completely miss the scorpion.
You feel sick.
The scorpion stings you but does no damage.
The scorpion stings you.
You are more poisoned.
The scorpion poisons you!
You barely miss the scorpion.
You feel very sick. The scorpion closely misses you.
You hit the scorpion.
The scorpion is lightly wounded.
You feel very sick. The scorpion stings you.
You are more poisoned.
The scorpion poisons you!
You hit the scorpion but do no damage.
The scorpion is lightly wounded.
You feel very sick. The scorpion stings you!
The scorpion stings you but does no damage.
You feel very sick.
You feel sick.
You feel sick.
You feel sick. The scorpion closely misses you.
You feel sick.
You feel sick.
You feel sick.
You feel sick.
You feel sick.
You are no longer poisoned.
Ijyb the Twisted Goblin comes into view.
She is wielding a +0 dagger and carrying a wand of flame (16).
Ijyb shouts!
The scorpion closely misses you.
You hit Ijyb but do no damage. Ijyb hits you but does no damage.
The scorpion stings you.
* * * LOW HITPOINT WARNING * * *
Ijyb zaps a wand.
The puff of flame hits you!
You die...

#..†.).......# ##.
#.###......... ...#
#.# ########## #..>
#.# #.#. #.# #.#.
#.# #.#. #.#
##########..>
#.######............
#.g@s....###########
##########


You could see Ijyb and a scorpion.

Vanquished Creatures
  5 adders
  A dart slug (D:1)
  6 orcs
  8 bats
  5 endoplasms
  5 giant cockroaches (D:2)
  3 goblins
  8 hobgoblins
  7 jackals
  4 quokkas
  2 ball pythons
  4 frilled lizards (D:1)
  7 kobolds
  5 rats
70 creatures vanquished.

Notes
Turn   | Place    | Note
-------+----------+-------------------------------------------
     0 | D:1      | issech the Troll Monk began the quest for the Orb.
     0 | D:1      | Reached XP level 1. HP: 22/22 MP: 0/0
    89 | D:1      | Reached skill level 3 in Maces & Flails
   125 | D:1      | Reached XP level 2. HP: 29/29 MP: 1/1
   670 | D:1      | Reached XP level 3. HP: 35/36 MP: 2/2
  1142 | D:2      | You are sucked into a shaft and drop 1 floor!
  1697 | D:2      | Reached XP level 4. HP: 44/44 MP: 3/3
  2072 | D:3      | Found a faded altar of an unknown god.
  2246 | D:3      | Reached skill level 4 in Maces & Flails
  2387 | D:3      | Found a blossoming altar of Fedhas.
  2513 | D:4      | Noticed a scorpion
  2533 | D:4      | Noticed Ijyb
  2535 | D:4      | Killed from afar by Ijyb

Illustrated notes

Levels and vault maps discovered:
D:1:      dpeg_arrival_radiant, layout_basic,
          amcnicky_mini_rare_corridor_liquid, minmay_tetromino_i4
D:2:      layout_basic, grunt_decor_fettered, minmay_worlds_worst_comb
D:3:      layout_rooms, fedhas_altar_1, hellmonk_ecumenical_altar_dog_temple,
          minmay_misc_feat_plants, minmay_misc_feat_secret_circle
D:4:      layout_loops_ring, minmay_temple_entry_proselytizer, nzn_random_ring,
          uniq_blork_the_orc, uniq_ijyb

Skill      XL: |  1  2  3  4 |
---------------+-------------+-----
Maces & Flails | 3 4 |  4.1
Dodging        | 3 |  3.1
Fighting       | |  2.8
Stealth        | |  1.2

Action                   |  1- 3 |  4- 6 || total
-------------------------+-------+-------++-------
Melee: Mace              |   134 |    40 ||   174
       Morningstar       |    20 |    24 ||    44
       Punch             |     1 |     1 ||     2
Throw: Javelin           |     3 |       ||     3
 Stab: Sleeping          |     2 |     1 ||     3
Armor: Robe              |   100 |    28 ||   128
Dodge: Dodged            |   134 |    50 ||   184
